 Dungeon Crawl Stone Soup version 0.28-a0-519-gbfeecf2fc5 (webtiles) character file.

Game seed: 17961507902499229466

33 Rennog the Skirmisher (level 3, -3/33 HPs)
             Began as a Hill Orc Fighter on Sept 23, 2021.
             Slain by a black bear (5 damage)
             ... on level 2 of the Dungeon.
             The game lasted 00:01:04 (1227 turns).

Rennog the Skirmisher (Hill Orc Fighter)            Turns: 1227, Time: 00:01:05

Health: -3/33      AC:  8    Str: 19    XL:     3   Next: 29%
Magic:  3/3        EV:  7    Int:  8    God:
Gold:   56         SH:  8    Dex: 10    Spells: 2/2 levels left

rFire   + . .      SeeInvis .   a - +0 war axe
rCold   . . .      Faith    .   i - +0 kite shield
rNeg    . . .      Spirit   .   b - +0 scale mail
rPois   .          Reflect  .   (no helmet)
rElec   .          Harm     .   (no cloak)
rCorr   .          Rampage  .   h - +0 pair of gloves
Will    .....                   (no boots)
Stlth   ..........              (no amulet)
HPRegen 0.11/turn               e - ring of protection from fire
MPRegen 0.08/turn               (no ring)

@: no status effects
A: no striking features
a: no special abilities


You were on level 2 of the Dungeon.
You visited 1 branch of the dungeon, and saw 2 of its levels.

You collected 56 gold pieces.

Inventory:

Hand Weapons
 a - a +0 war axe (weapon)
Armour
 b - a +0 scale mail (worn)
 c - a +0 buckler
 h - a +0 pair of gloves (worn)
 i - a +0 kite shield (worn)
Jewellery
 e - a ring of protection from fire (left hand)
Wands
 n - a wand of paralysis (8)
Scrolls
 j - 2 scrolls of enchant armour {unknown}
 p - a scroll of identify {unknown}
Potions
 d - a potion of might
 f - a potion of flight {unknown}
 g - a potion of lignification {unknown}
 k - 2 potions of attraction {unknown}
 l - 2 potions of curing {unknown}
 m - a potion of cancellation {unknown}
 o - a potion of heal wounds {unknown}


   Skills:
 + Level 4.0 Fighting
 * Level 3.9 Axes
 + Level 3.6 Armour
 + Level 3.4 Shields


You had 2 spell levels left.
You didn't know any spells.
Your spell library was empty.

Dungeon Overview and Level Annotations

Branches:
Dungeon (2/15)

Altars:


Message History

No target in view!
No target in view!
No target in view!
No target in view!
p - a scroll labelled EMEORCH DERAE A black bear comes into view.
The black bear growls angrily.
A black bear is nearby!
A black bear is nearby!
You slash the black bear!
The black bear is heavily wounded.
You block the black bear's attack. The black bear claws you.
The black bear barely misses you.
The black bear bites you but does no damage.
The black bear claws you but does no damage.
The black bear claws you.
You barely miss the black bear.
The black bear is heavily wounded.
The black bear bites you but does no damage.
The black bear claws you. x2
You hit the black bear.
The black bear is severely wounded.
The black bear bites you but does no damage.
The black bear claws you but does no damage. x2
The black bear bites you. The black bear claws you.
The black bear claws you but does no damage.
You hit the black bear.
The black bear is severely wounded.
The black bear goes berserk!
You barely miss the black bear.
The black bear is severely wounded.
The black bear bites you. The black bear closely misses you.
The black bear completely misses you. The black bear bites you!
* * * LOW HITPOINT WARNING * * *
The black bear claws you but does no damage.
You block the black bear's attack. The black bear barely misses you.
The black bear claws you.
* * * LOW HITPOINT WARNING * * *
The black bear claws you.
You die...

#### ## ##. ... ......#
#.. ..#..# #.# #.....
#.# ##.#..#
######.####......
.............#..#####.##
######.###...#..@h......
#####.###...#..#####.##
#..............#####.#
......................#
.#####.#.#.#.#.########
#.......#.# ###.#.#.#.#
#.....#.# ###.....#


You could see a black bear (berserk).

Vanquished Creatures
  An adder (D:2)
  A dart slug (D:2)
  2 bats
  An endoplasm (D:2)
  2 giant cockroaches (D:1)
  2 goblins (D:1)
  3 hobgoblins
  5 kobolds (D:1)
  2 quokkas (D:1)
  A ball python (D:1)
  A frilled lizard (D:1)
21 creatures vanquished.

Notes
Turn   | Place    | Note
-------+----------+-------------------------------------------
     0 | D:1      | Rennog the Hill Orc Fighter began the quest for the Orb.
     0 | D:1      | Reached XP level 1. HP: 19/19 MP: 1/1
   289 | D:1      | Reached XP level 2. HP: 23/27 MP: 2/2
   739 | D:1      | Found a faded altar of an unknown god.
   981 | D:2      | Reached skill level 4 in Fighting
   981 | D:2      | Reached XP level 3. HP: 33/33 MP: 3/3
  1219 | D:2      | Noticed a black bear
  1227 | D:2      | Slain by a black bear

Illustrated notes

Levels and vault maps discovered:
D:1:      ncdulo_smallfort, layout_loops_ring, shapermc_ecumenical_altar_gd,
          ebering_dispersal_statue_hall, grunt_decor_resistance
D:2:      layout_loops_ring

Skill      XL: |  1  2 |
---------------+-------+-----
Axes           | 3 |  3.9
Fighting       | 4 |  4.0
Armour         | |  3.6
Shields        | |  3.4

Action                   || total
-------------------------++-------
Melee: War axe           ||    64
Armor: Scale mail        ||    42
Dodge: Dodged            ||    41
Block: Buckler           ||     9
       Kite shield       ||    11

Table legend: (Time is in decaauts)
 A = Elapsed time spent in this place.
 B = Non-inter-level travel time spent in this place.
 C = Inter-level travel time spent in this place.
 D = Time resting spent in this place.
 E = Time spent auto-exploring this place.
 F = Levels seen in this place.
 G = Mean time per level.
                   A        B        C        D        E       F      G
               +--------+--------+--------+--------+--------+-----+--------+
         Total |   1253 |   1232 |     21 |      0 |   1043 |   2 |  626.5 |
       Dungeon |   1253 |   1232 |     21 |      0 |   1043 |   2 |  626.5 |
               +--------+--------+--------+--------+--------+-----+--------+

Top non-repeatable levels by time:
     D:1: 979 daAuts
     D:2: 274 daAuts
